 Dungeon Crawl Stone Soup version 0.17-a0-2027-gcac42c4 (webtiles) character file.

23 Ijustatesigmund the Insei (level 2, -4/18 HPs)
             Began as an Octopode Transmuter on Oct 10, 2015.
             Slain by a hobgoblin (5 damage)
             ... led by Robin
             ... on level 2 of the Dungeon.
             The game lasted 00:02:13 (1139 turns).

Ijustatesigmund the Insei (Octopode Transmuter)     Turns: 1139, Time: 00:02:13

Health: -4/18      AC:  1    Str:  9    XL:     2   Next: 95%
Magic:  5/5        EV:  7    Int: 15    God:
Gold:   36         SH:  0    Dex: 12    Spells: 2 memorised, 2 levels left

rFire  . . .     SeeInvis .       - Unarmed
rCold  . . .     Clarity  .     (no shield)
rNeg   . . .     SustAt   .     (helmet restricted)
rPois  .         Gourm    .     (no amulet)
rElec  .         Spirit   .     (no ring)
rCorr  .         Warding  .     (no ring)
rMut   .         Stasis   .     (no ring)
MR     .....                    (no ring)
Stlth  +++.......               (no ring)
                                (no ring)
                                (no ring)
                                (no ring)

@: not resistant to hostile enchantments, fairly stealthy
A: almost no armour, amphibious, 8 rings, constrict 8, camouflage 1, gelatinous
body 1
a: no special abilities


You were on level 2 of the Dungeon.
You were not hungry.

You visited 1 branch of the dungeon, and saw 2 of its levels.

You collected 36 gold pieces.

Inventory:

Hand Weapons
 d - a +0 short sword
 h - a +0 hunting sling
Missiles
 a - 31 arrows
Jewellery
 e - an uncursed amulet of stasis
 i - an uncursed amulet of faith
Scrolls
 j - a scroll of teleportation {unknown}
 k - a scroll of remove curse
Potions
 f - a potion of cancellation {unknown}
Books
 b - a book of Changes

   Spells                             Type                      Level
   a - Beastly Appendage              Transmutation                1
   b - Sticks to Snakes               Transmutation                2
   c - Spider Form                    Transmutation/Poison         3
   d - Ice Form                       Ice/Transmutation            4
   e - Blade Hands                    Transmutation                5
Comestibles
 c - a bread ration
 g - a slice of pizza
 l - 3 chunks of flesh


   Skills:
 - Level 1.0 Fighting
 + Level 1.5 Short Blades
 - Level 2.0 Dodging
 * Level 1.5 Stealth
 - Level 3.0 Unarmed Combat
 - Level 2.0 Spellcasting
 + Level 2.4 Transmutations


You had 2 spell levels left.
You knew the following spells:

 Your Spells              Type           Power        Failure   Level  Hunger
a - Beastly Appendage     Trmt           #.....       12%         1    #......
b - Sticks to Snakes      Trmt           #.........   14%         2    ###....


Dungeon Overview and Level Annotations

Branches:
Dungeon (2/15)

Altars:

Annotations:
D:2 Robin


Innate Abilities, Weirdness & Mutations

You cannot wear most types of armour.
You are amphibious.
You can wear up to eight rings at the same time.
You can use your tentacles to constrict eight enemies at once.
Your skin changes colour to match your surroundings (Stealth).
Your rubbery body absorbs attacks (AC +1).


Message History

l - 4 chunks of flesh You see here a club.
Eat one of 4 chunks of flesh? (ye/n/q/i?) This raw flesh tastes terrible.
You continue eating. x2
You start resting.
HP restored.
There is a stone staircase leading down, spattered with blood here.
You climb downwards.
Level annotation: Robin The hobgoblin misses you.
Robin roars a battlecry!
The hobgoblin goes into a battle-frenzy!
Robin zaps a wand.
The magic dart hits you! The hobgoblin hits you.
There is a stone staircase leading up, spattered with blood here.
Robin zaps a wand.
The magic dart hits you!
Ouch! That really hurt!
* * * LOW HITPOINT WARNING * * *
The hobgoblin hits you.
You die...

#g### #g#.. #.#.#
####+##g#.#
......#.#)# #
......g...#.#
......#g###.#
.........g..#####
........#@.......
........########.
.#####..# #.>#
####


You could see Robin and 2 hobgoblins.

Vanquished Creatures
  2 giant geckos (D:1)
  A giant cockroach (D:1)
  8 goblins
  3 hobgoblins (D:1)
  A ball python (D:1)
  A giant newt (D:1)
  2 kobolds (D:1)
18 creatures vanquished.

Notes
Turn   | Place    | Note
--------------------------------------------------------------
     0 | D:1      | Ijustatesigmund the Octopode Transmuter began the quest for the Orb.
     0 | D:1      | Reached XP level 1. HP: 13/13 MP: 3/3
    58 | D:1      | Reached skill level 1 in Stealth
   348 | D:1      | Reached XP level 2. HP: 18/18 MP: 5/5
   605 | D:1      | Reached skill level 1 in Short Blades
   706 | D:1      | Learned a level 2 spell: Sticks to Snakes
   744 | D:2      | Noticed Robin
  1139 | D:2      | Slain by a hobgoblin

Vault maps used:
D:1:      dpeg_arrival_stone_temple_mockup
D:2:      ashenzari_altar_1, uniq_robin, uniq_iyjb, uniq_crazy_yiuf_cottage,
          uniq_natasha

Action                   || total
-------------------------++-------
Melee: Unarmed           ||    46
  Use: Scroll            ||     1
 Stab: Sleeping          ||     2
  Eat: Chunk             ||     1
